 Dungeon Crawl Stone Soup version 0.16-a0-4115-ga5ed934 (webtiles) character file.

445 abixa the Cleaver (level 7, 56/56 HPs)
             Began as a Hill Orc Gladiator on Mar 1, 2015.
             Was an Initiate of Ru.
             Quit the game on level 4 of the Dungeon.
             The game lasted 00:09:46 (3307 turns).

abixa the Cleaver (Hill Orc Gladiator)              Turns: 3307, Time: 00:09:46

Health: 56/56      AC: 10    Str: 18    XL:     7   Next: 3%
Magic:  7/7        EV: 11    Int:  8    God:    Ru [......]
Gold:   98         SH:  0    Dex: 13    Spells: 0 memorised, 6 levels left

rFire  . . .     SeeInvis .     a - +0 war axe
rCold  . . .     Clarity  .     g - +0 ring mail
rNeg   . . .     SustAb   .     (no shield)
rPois  .         Gourm    .     c - +0 helmet
rElec  .         Spirit   .     q - +2 cloak
rCorr  .         Warding  .     (no gloves)
rMut   .         Stasis   .     e - +0 pair of boots
MR     .....                    (no amulet)
Stlth  +.........               (no ring)
                                F - ring of teleport control

@: not resistant to hostile enchantments, very unstealthy
A: no striking features
a: Renounce Religion, Evoke Teleport Control


You were on level 4 of the Dungeon.
You worshipped Ru.
Ru was noncommittal.
You were hungry.

You visited 2 branches of the dungeon, and saw 5 of its levels.

You collected 98 gold pieces.

Inventory:

Hand weapons
 a - a +0 war axe (weapon)
 h - a +0 spear
 u - a +0 hunting sling
 w - a cursed -3 blowgun
 z - a +1 spear of venom
 B - a +1 shortbow of velocity
Missiles
 b - 41 poisoned needles
 d - 2 throwing nets
 j - 59 stones (quivered)
 o - 11 arrows
 t - 10 bolts
 A - 11 sling bullets
Armour
 c - a +0 helmet (worn)
 e - a +0 pair of boots (worn)
 g - a +0 ring mail (worn)
 q - a +2 cloak (worn)
 x - a cursed +0 chain mail
 G - a steam dragon hide
Jewellery
 F - a ring of teleport control (left hand)
Scrolls
 k - 3 scrolls of identify {unknown}
 m - a scroll of recharging {unknown}
 s - a scroll of amnesia {unknown}
 y - a scroll of teleportation {unknown}
 C - a scroll of enchant armour {unknown}
 D - a scroll of fog {unknown}
 H - 2 scrolls of enchant weapon {unknown}
 K - a scroll of fear {unknown}
Potions
 i - a potion of haste {unknown}
 p - a potion of restore abilities {unknown}
 v - a potion of poison {unknown}
 E - 2 potions of ambrosia {unknown}
 I - 2 potions of agility {unknown}
 L - a potion of lignification {unknown}
 M - a potion of brilliance {unknown}
Miscellaneous
 l - a plain deck of changes
Comestibles
 f - 2 meat rations
 n - 3 bread rations
 r - a slice of pizza
 J - 5 fruits


   Skills:
 - Level 2.4 Fighting
 + Level 10.0 Axes
 - Level 2.0 Throwing
 - Level 2.4 Dodging


You had 6 spell levels left.
You didn't know any spells.

Dungeon Overview and Level Annotations

Branches:
Dungeon (4/15)             Temple (1/1) D:4

Altars:
Cheibriados
Fedhas
Gozag
Kikubaaqudgha
Nemelex Xobeh
Okawaru
Qazlal
Ru
Sif Muna
Vehumet
Xom
Yredelemnul
Zin
The Shining One


Message History

Grinder is heavily wounded.
Grinder hits you!
You writhe in agony.
You slash Grinder!
Grinder is almost dead.
Grinder gestures at you. You resist with significant effort.
You slash Grinder!
You kill Grinder!
Your Axes skill gained 2 levels and is now at level 10!
You have reached level 7!
F - a runed iron ring
M - a silvery potion Put on which piece of jewellery? (? for menu, Esc to quit)
F - a ring of teleport control (left hand)
You start resting.
You are feeling hungry.
You start resting.
You start resting.
HP restored.
Are you sure you want to abandon this character and quit the game? (Confirm with "yes".)

#..^........# #.#
#..########## #.#
#..# #..# #..#
#..# #..# #
#..#############.#
#...........@....#
############.###.#
#.# # #.# #### #.#
... #.#
#######.##### #.#
#......#..... #.#
##.###.# #.#
##...##.#


There were no monsters in sight!

Vanquished Creatures
  Grinder (D:4)
  An orc priest (D:3)
  Crazy Yiuf (D:2)
  An iguana (D:4)
  A worker ant (D:4)
  4 adders
  A gnoll (D:1)
  A giant mite (D:1)
  3 worms
  3 giant geckos
  An ooze (D:2)
  3 orcs (D:3)
  A ball python (D:4)
  11 bats
  5 goblins
  9 hobgoblins
  3 quokkas
  3 giant cockroaches
  8 giant newts
  5 kobolds
  7 rats
73 creatures vanquished.

Notes
Turn   | Place    | Note
--------------------------------------------------------------
     0 | D:1      | abixa, the Hill Orc Gladiator, began the quest for the Orb.
     0 | D:1      | Reached XP level 1. HP: 18/18 MP: 1/1
    55 | D:1      | Reached XP level 2. HP: 6/25 MP: 2/2
   331 | D:1      | Reached skill level 5 in Axes
   423 | D:1      | Reached XP level 3. HP: 24/30 MP: 3/3
   490 | D:1      | Found a sparkling altar of Nemelex Xobeh.
   927 | D:2      | Reached skill level 6 in Axes
  1127 | D:2      | Noticed Crazy Yiuf
  1141 | D:2      | Killed Crazy Yiuf
  1141 | D:2      | Reached XP level 4. HP: 37/37 MP: 4/4
  1322 | D:2      | Reached skill level 7 in Axes
  1408 | D:2      | You fall through a shaft!
  1417 | D:3      | Reached XP level 5. HP: 42/42 MP: 5/5
  2133 | D:3      | Reached skill level 8 in Axes
  2822 | D:4      | Reached XP level 6. HP: 48/50 MP: 6/6
  2835 | D:4      | Found a glowing golden altar of the Shining One.
  2987 | D:4      | Found a staircase to the Ecumenical Temple.
  3009 | Temple   | Entered the Ecumenical Temple
  3035 | Temple   | Became a worshipper of Ru the Awakened
  3132 | D:4      | Noticed Grinder
  3144 | D:4      | Paralysed by Grinder for 3 turns
  3156 | D:4      | Killed Grinder
  3156 | D:4      | Reached skill level 10 in Axes
  3156 | D:4      | Reached XP level 7. HP: 29/56 MP: 7/7
  3307 | D:4      | Quit the game

Action                   |  1- 3 |  4- 6 |  7- 9 || total
-------------------------+-------+-------+-------++-------
Melee: War axe           |    86 |   146 |       ||   232
Throw: Stone             |     4 |     4 |       ||     8
       Throwing net      |     1 |       |       ||     1
  Eat: Chunk             |       |     7 |       ||     7
